 Dungeon Crawl Stone Soup version 0.30-a0-918-g0ff054e9dc (webtiles) character file.

Game seed: 8531729531407469178

420 a11behringer the Poker (level 6, -2/41 (48) HPs)
             Began as a Merfolk Gladiator on Mar 20, 2023.
             Was an Initiate of Ru.
             Slain by a wight
             ... wielding a +0 short sword
              (6 damage)
             ... on level 4 of the Dungeon.
             The game lasted 00:09:01 (3483 turns).

a11behringer the Poker (Merfolk Gladiator)          Turns: 3483, Time: 00:09:01

HP:   -2/41 (48)    AC:  4    Str: 16    XL:     6   Next: 94%
MP:   6/6           EV: 16    Int:  8    God:    Ru [......]
Gold: 123           SH:  0    Dex: 21    Spells: 5/5 levels left

rFire   . . .      SeeInvis .    a - +0 trident
rCold   + . .      Faith    .    (no shield)
rNeg    . . .      Spirit   .    b - +0 leather armour
rPois   .          Reflect  .    c - +0 helmet
rElec   .          Rampage  .    (no cloak)
rCorr   .                        (no gloves)
Will    .....                    (no boots)
Stlth   ++                       (no amulet)
HPRegen 0.26/turn                m - +6 ring of dexterity
MPRegen 0.10/turn                o - ring of protection from cold

@: heavily drained
A: (nimble swimmer 2), mertail
a: Renounce Religion


You were on level 4 of the Dungeon.
You worshipped Ru.
Ru was noncommittal.
You visited 1 branch of the dungeon, and saw 4 of its levels.

You collected 123 gold pieces.

Inventory:

Hand Weapons
 a - a +0 trident (weapon)
Missiles
 d - 3 throwing nets (quivered)
 e - a javelin
 g - 2 curare-tipped darts
 s - 5 atropa-tipped darts
Armour
 b - a +0 leather armour (worn)
 c - a +0 helmet (worn)
Magical Staves
 n - a staff of cold
Jewellery
 m - a +6 ring of dexterity (left hand)
 o - a ring of protection from cold (right hand)
Wands
 x - a wand of acid (5)
Scrolls
 f - 2 scrolls of identify {unknown}
 h - 2 scrolls of amnesia
 r - a scroll of noise {unknown}
 w - a scroll of teleportation
Potions
 i - 3 potions of heal wounds {unknown}
 j - 4 potions of lignification {unknown}
 k - 2 potions of invisibility {unknown}
 l - a potion of degeneration {unknown}
 p - a potion of attraction {unknown}
 q - a potion of berserk rage {unknown}
 t - a potion of mutation {unknown}
 u - 2 potions of might {unknown}
 v - a potion of curing {unknown}


   Skills:
 + Level 3.8 Fighting
 * Level 6.7 Polearms
 + Level 3.4 Throwing
 * Level 6.3 Dodging


You had 5 spell levels left.
You didn't know any spells.
Your spell library contained the following spells:

 Spells                   Type           Power      Damage    Failure   Level
 Apportation              Tloc           0%         N/A       47%         1
 Necrotise                Necr           0%         1d4       47%         1
 Sandblast                Erth           0%         2d4       47%         1
 Summon Small Mammal      Summ           0%         N/A       47%         1
 Passwall                 Tmut/Erth      0%         N/A       63%         2
 Static Discharge         Conj/Air       0%         2-2/arc   63%         2
 Stone Arrow              Conj/Erth      0%         3d7       85%         3
 Vhi's Electric Charge    Tloc/Air       0%         N/A       85%         3
 Arcjolt                  Conj/Air       0%         1d10      100%        5
 Plasma Beam              Fire/Air       0%         2x1d11    100%        5


Dungeon Overview and Level Annotations

Branches:
Dungeon (4/15)
 Temple: D:4-7

Altars:
Kikubaaqudgha
Ru
Vehumet
Xom
Zin

Annotations:
D:4 3 runed translucent doors, SirDiesAlot's ghost, weakling DsGl


Innate Abilities, Weirdness & Mutations

((You are very nimble when in or above water. (Stealth+, EV+, Speed+++)))
Your lower body shifts to a powerful aquatic tail in water.


Message History

The wight barely misses you.
You reach to attack!
You barely miss the wight. The wight barely misses you.
You reach to attack!
You barely miss the wight.
The wight hits you from afar with a +0 trident.
You feel drained.
You reach to attack!
You hit the wight.
The wight is moderately damaged.
The wight barely misses you.
You hit the wight.
The wight is moderately damaged.
The wight hits you from afar with a +0 trident!
The wight barely misses you.
You hit the wight.
The wight is heavily damaged.
The wight barely misses you. x2; The wight misses you.
You hit the wight but do no damage.
The wight is heavily damaged.
The wight hits you with a +3 dire flail of freezing.
The wight hits you from afar with a +0 trident.
You feel drained. The wight closely misses you.
You are too injured to fight recklessly!
You are too injured to fight recklessly!
You are too injured to fight recklessly!
The wight attacks as you move away! The wight closely misses you.
The wight attacks as you move away!
The wight hits you with a +3 dire flail of freezing!
* * * LOW HITPOINT WARNING * * *
You feel drained.
* * * LOW HITPOINT WARNING * * *
The wight freezes you.
* * * LOW HITPOINT WARNING * * *
The wight attacks as you move away! The wight barely misses you.
The wight attacks as you move away!
The wight hits you with a +0 short sword.
* * * LOW HITPOINT WARNING * * *
You feel drained.
You hit the wight.
The wight is severely damaged.
The wight hits you with a +0 short sword.
You die...

#.# ##.....#.# Z....
#.......## ###ZZ..
#....z...# ..Y.Z.
######...## ####.
###...#####..## #.
###z.............
#..####...#z...##.#....
##........†............
#.....@z..###########..
#.##.###### #.. .. #..
#.# ### #


You could see 3 wights.

Vanquished Creatures
  2 ogres (D:4)
  A hound (D:4)
  Terence (D:2)
  An orc wizard (D:3)
  Robin (D:2)
  5 adders
  2 worms
  5 dart slugs
  4 orcs
  8 bats
  2 endoplasms
  2 giant cockroaches
  14 goblins
  5 hobgoblins
  10 jackals
  8 kobolds
  4 quokkas
  3 frilled lizards
  8 rats
86 creatures vanquished.

Vanquished Creatures (others)
  A goblin (D:2)
1 creature vanquished.

Grand Total: 87 creatures vanquished

Notes
Turn   | Place    | Note
-------+----------+-------------------------------------------
     0 | D:1      | a11behringer the Merfolk Gladiator began the quest for the
                  | Orb.
     0 | D:1      | Reached XP level 1. HP: 16/16 MP: 1/1
    62 | D:1      | Reached XP level 2. HP: 8/23 MP: 2/2
   224 | D:1      | Reached XP level 3. HP: 28/28 MP: 3/3
   462 | D:1      | Found a faded altar of an unknown god.
   908 | D:2      | Found an ancient bone altar of Kikubaaqudgha.
  1027 | D:2      | Noticed Robin
  1053 | D:2      | Reached skill level 5 in Polearms
  1055 | D:2      | Killed Robin
  1056 | D:2      | Reached XP level 4. HP: 25/34 MP: 4/4
  1814 | D:2      | Noticed Terence
  1821 | D:2      | Killed Terence
  1822 | D:2      | Reached skill level 5 in Dodging
  1822 | D:2      | Reached XP level 5. HP: 21/41 MP: 5/5
  2130 | D:3      | Found a glowing silver altar of Zin.
  2136 | D:3      | Found a shimmering altar of Xom.
  2139 | D:3      | Found a sacrificial altar of Ru.
  2143 | D:3      | Found a radiant altar of Vehumet.
  2159 | D:3      | Became a worshipper of Ru the Awakened
  2913 | D:4      | Noticed a phantom
  3006 | D:4      | Noticed an ogre
  3014 | D:4      | Killed an ogre
  3015 | D:4      | Reached XP level 6. HP: 22/47 MP: 6/6
  3161 | D:4      | Noticed an ice beast
  3162 | D:4      | Noticed an ice beast
  3168 | D:4      | Found a runed translucent gate.
  3168 | D:4      | Found a runed translucent gate.
  3168 | D:4      | Found a runed translucent gate.
  3446 | D:4      | Noticed SirDiesAlot's ghost (weakling DsGl)
  3483 | D:4      | Slain by a wight

Illustrated notes

Levels and vault maps discovered:
D:1:      minmay_arrival_solitary_statue, layout_basic, basic_ecumenical_altar
D:2:      layout_basic, basic_altar, uniq_robin, uniq_terence
D:3:      layout_loops_cross, grunt_temple_overflow_cloverleaf,
          dreamdust_princess_bridge
D:4:      layout_rooms, gammafunk_ghost_icy

Skill      XL: |  1  2  3  4  5  6 |
---------------+-------------------+-----
Polearms       | 5 6 |  6.7
Fighting       | 3 |  3.8
Dodging        | 5 6 |  6.3
Throwing       | 3 |  3.4

Action                     |  1- 3 |  4- 6 || total
---------------------------+-------+-------++-------
  Melee: Trident           |    99 |   166 ||   265
         Punch             |     2 |     1 ||     3
    Use: Scroll            |       |     6 ||     6
   Stab: Sleeping          |     1 |     8 ||     9
         Distracted        |       |     1 ||     1
 Armour: Leather armour    |    19 |    24 ||    43
  Dodge: Dodged            |    90 |    90 ||   180

Table legend: (Time is in decaauts)
 A = Elapsed time spent in this place.
 B = Non-inter-level travel time spent in this place.
 C = Inter-level travel time spent in this place.
 D = Time resting spent in this place.
 E = Time spent auto-exploring this place.
 F = Levels seen in this place.
 G = Mean time per level.
                   A        B        C        D        E       F      G
               +--------+--------+--------+--------+--------+-----+--------+
         Total |   3487 |   3240 |    247 |      0 |   2673 |   4 |  871.8 |
       Dungeon |   3487 |   3240 |    247 |      0 |   2673 |   4 |  871.8 |
               +--------+--------+--------+--------+--------+-----+--------+

Top non-repeatable levels by time:
     D:2: 1165 daAuts
     D:3: 930 daAuts
     D:1: 912 daAuts
     D:4: 477 daAuts
